Map: Ascension to Aiur LE

Players

Indy - Winner!

  • Race: Protoss Protoss
  • Spawn Location: 5:00

ReiGn

  • Race: Protoss Protoss
  • Spawn Location: 11:00

Event: WCS Valencia 2017

VOD

Have the link to the VOD?

Description

Time

  • Played on: July 13, 2017, 7:33 a.m.
  • Length: 17:31

All games in this series

Show
View Real Time Build Order
Export as new Build Order

Indy Protoss - Winner!

Build Orders:  

Get SALT Encoding   

  12  0:00  Probe (Chrono Boost)  
  13  0:11  Probe (Chrono Boost)  
  14  0:18  Pylon  
  14  0:22  Probe (Chrono Boost)  
  15  0:36  Probe (Chrono Boost)  
  15  0:37  Gateway  
  15  0:41  Assimilator  
  16  0:46  Probe (Chrono Boost)  
  17  0:50  Assimilator  
  18  0:57  Probe (Chrono Boost)  
  18  1:07  Probe (Chrono Boost), Gateway  
  19  1:18  Probe (Chrono Boost)  
  20  1:23  Cybernetics Core  
  20  1:29  Probe (Chrono Boost)  
  21  1:34  Pylon  
  21  1:39  Probe (Chrono Boost)  
  22  1:50  Probe (Chrono Boost)  
  23  1:59  Stalker  
  23  2:00  Stalker, Warp Gate (Chrono Boost)  
  29  2:08  Mothership Core  
  29  2:15  Pylon  
  29  2:29  Stalker  
  31  2:32  Stalker  
  33  2:39  Probe  
  34  3:05  Stalker x2  
  38  3:15  Pylon  
  38  3:20  Nexus  
  38  3:23  Probe  
  39  3:37  Pylon  
  39  3:39  Probe  
  40  3:51  Probe  
  41  3:56  Adept  
  41  3:57  Adept  
  45  4:03  Probe  
  46  4:15  Probe  
  47  4:27  Probe  
  46  4:33  Probe (Chrono Boost)  
  45  4:38  Robotics Facility  
  45  4:39  Probe (Chrono Boost), Twilight Council, Adept  
  45  4:41  Adept  
  45  4:45  Probe (Chrono Boost)  
  51  4:51  Probe (Chrono Boost)  
  52  4:55  Probe (Chrono Boost)  
  53  5:01  Probe (Chrono Boost), Blink (Chrono Boost)  
  53  5:04  Sentry x2  
  53  5:06  Probe (Chrono Boost)  
  59  5:11  Probe (Chrono Boost)  
  56  5:15  Probe (Chrono Boost)  
  57  5:23  Probe  
  57  5:25  Observer (Chrono Boost)  
  57  5:27  Probe  
  60  5:30  Forge  
  60  5:34  Pylon  
  60  5:35  Probe  
  61  5:36  Assimilator  
  61  5:39  Probe  
  61  5:42  Assimilator  
  62  5:45  Pylon  
  62  5:52  Probe x2  
  62  5:53  Immortal (Chrono Boost)  
  62  5:56  Pylon  
  68  6:03  Protoss Ground Weapons Level 1  
  69  6:04  Probe  
  69  6:05  Sentry, Stalker  
  69  6:07  Probe  
  74  6:16  Probe  
  75  6:19  Probe  
  75  6:28  Probe  
  75  6:32  Probe  
  66  6:41  Probe  
  66  6:44  Probe  
  68  6:51  Gateway, Immortal (Chrono Boost)  
  68  6:53  Gateway  
  72  6:55  Probe  
  72  6:56  Probe  
  72  6:57  Nexus  
  72  7:00  Pylon  
  72  7:01  Pylon  
  74  7:05  Stalker x2  
  74  7:08  Probe x2  
  80  7:25  Probe x2  
  80  7:26  Immortal (Chrono Boost)  
  86  7:32  Sentry  
  86  7:33  Sentry  
  86  7:36  Gateway  
  90  7:38  Gateway  
  90  7:39  Probe x2  
  90  7:43  Pylon  
  92  8:03  Gateway x2  
  90  8:08  Pylon, Stalker x2  
  90  8:09  Stalker x2, Warp Prism (Chrono Boost)  
  100  8:21  Photon Cannon  
  100  8:25  Protoss Ground Weapons Level 2 (Chrono Boost)  
  100  8:34  Stalker x4  
  100  8:38  Stalker  
  100  8:40  Stalker  
  112  8:44  Pylon  
  112  8:49  Observer  
  113  8:57  Pylon  
  111  9:08  Stalker  
  111  9:09  Stalker x7  
  127  9:22  Probe  
  127  9:23  Probe x2  
  130  9:27  Robotics Facility, Robotics Bay  
  124  9:39  Probe x2  
  124  9:48  Probe  
  124  9:51  Probe  
  124  9:54  Stalker  
  124  9:55  Stalker x7  
  138  10:02  Probe  
  138  10:03  Probe x2  
  141  10:10  Nexus  
  141  10:14  Disruptor  
  141  10:15  Assimilator  
  141  10:17  Photon Cannon, Assimilator  
  141  10:19  Disruptor  
  147  10:26  Charge (Chrono Boost)  
  145  10:40  Pylon  
  145  10:42  Pylon  
  145  10:43  Protoss Ground Weapons Level 3  
  145  10:45  Disruptor  
  145  10:46  Photon Cannon  
  143  10:53  Zealot  
  143  10:55  Disruptor  
  147  11:18  Disruptor  
  147  11:25  Dark Shrine  
  150  11:30  Disruptor  
  150  11:31  Pylon  
  153  11:33  Pylon, Assimilator  
  153  11:34  Assimilator  
  153  11:35  Zealot x8  
  167  11:49  Disruptor  
  158  12:03  Stargate  
  158  12:06  Disruptor  
  161  12:20  Zealot x4, Disruptor  
  169  12:28  Stargate  
  172  12:30  Stargate  
  158  12:46  Zealot x2  
  158  12:47  Zealot x6  
  172  12:53  Oracle  
  175  13:11  Zealot x8  
  191  13:16  Photon Cannon  
  191  13:19  Protoss Shields Level 1  
  189  13:20  Protoss Air Weapons Level 1 (Chrono Boost)  
  189  13:22  Photon Cannon  
  189  13:26  Photon Cannon  
  183  13:29  Fleet Beacon  
  173  13:53  Oracle  
  171  14:03  Pylon, Nexus  
  171  14:04  Assimilator x2  
  171  14:08  Carrier (Chrono Boost)  
  169  14:10  Graviton Catapult  
  169  14:12  Carrier (Chrono Boost)  
  171  14:28  Carrier (Chrono Boost)  
  171  14:43  Cybernetics Core  
  169  14:58  Zealot x2  
  169  14:59  Zealot x6  
  173  15:22  Zealot x6  
  181  15:29  Carrier (Chrono Boost)  
  181  15:31  Carrier (Chrono Boost)  
  187  15:41  Photon Cannon  
  187  15:43  Photon Cannon  
  187  15:45  Carrier (Chrono Boost)  
  193  15:50  Pylon  
  193  16:03  Zealot x3  
  181  16:40  Zealot  
  181  16:41  Zealot  
  197  16:52  Zealot  
  196  16:58  Zealot x2  
  200  17:08  Pylon  
  200  17:09  Pylon  
  200  17:11  Pylon  
Show
View Real Time Build Order
Export as new Build Order

ReiGn Protoss 

Build Orders: Blink Stalkers 

Get SALT Encoding   

  12  0:00  Probe (Chrono Boost)  
  13  0:11  Probe (Chrono Boost)  
  14  0:17  Pylon  
  14  0:22  Probe (Chrono Boost)  
  16  0:35  Probe (Chrono Boost)  
  16  0:37  Gateway  
  16  0:43  Assimilator  
  16  0:46  Probe (Chrono Boost)  
  17  0:51  Assimilator  
  17  0:56  Probe (Chrono Boost)  
  18  1:08  Probe (Chrono Boost)  
  18  1:09  Gateway  
  19  1:19  Probe (Chrono Boost)  
  20  1:26  Cybernetics Core  
  20  1:29  Probe (Chrono Boost)  
  21  1:37  Pylon  
  22  1:40  Probe (Chrono Boost)  
  22  1:50  Probe (Chrono Boost)  
  23  2:01  Probe (Chrono Boost)  
  24  2:03  Warp Gate (Chrono Boost)  
  24  2:04  Stalker  
  26  2:13  Mothership Core  
  28  2:31  Nexus  
  28  2:36  Twilight Council  
  28  2:43  Stalker  
  30  2:50  Pylon  
  30  2:52  Probe  
  31  3:08  Probe  
  31  3:09  Stalker  
  34  3:14  Blink (Chrono Boost)  
  34  3:23  Pylon  
  34  3:28  Stalker  
  34  3:32  Probe  
  37  3:44  Probe  
  38  3:53  Probe  
  39  3:56  Probe  
  39  4:01  Stalker  
  42  4:03  Probe  
  42  4:07  Robotics Facility  
  43  4:13  Stalker  
  45  4:28  Adept  
  44  4:32  Probe x2  
  44  4:37  Stalker  
  48  4:43  Probe  
  48  4:44  Probe  
  50  4:51  Stalker  
  52  4:53  Probe  
  52  4:55  Observer  
  52  4:56  Probe  
  55  5:02  Stalker  
  55  5:04  Probe  
  58  5:08  Probe  
  58  5:13  Assimilator  
  59  5:14  Probe  
  59  5:17  Assimilator  
  59  5:20  Probe  
  61  5:25  Probe (Chrono Boost)  
  62  5:36  Nexus  
  62  5:39  Robotics Bay  
  62  5:43  Pylon  
  62  5:51  Pylon  
  62  5:52  Pylon  
  62  6:02  Observer, Probe x2 (Chrono Boost)  
  65  6:05  Sentry  
  65  6:06  Robotics Facility  
  67  6:12  Probe x2 (Chrono Boost)  
  69  6:23  Probe x2 (Chrono Boost)  
  67  6:33  Probe x2 (Chrono Boost)  
  61  6:43  Stalker x2  
  61  6:44  Disruptor (Chrono Boost)  
  61  6:47  Probe (Chrono Boost)  
  67  6:49  Probe (Chrono Boost)  
  68  6:54  Disruptor (Chrono Boost)  
  68  6:55  Gateway  
  68  6:56  Gateway  
  68  6:59  Gateway  
  68  7:00  Gateway  
  71  7:05  Probe x2  
  73  7:09  Stalker x2  
  77  7:17  Probe x2  
  77  7:18  Probe  
  80  7:26  Disruptor (Chrono Boost)  
  80  7:29  Probe x2  
  84  7:30  Disruptor (Chrono Boost)  
  84  7:31  Probe  
  88  7:41  Probe  
  88  7:42  Stalker  
  84  7:57  Disruptor (Chrono Boost)  
  87  7:59  Probe  
  87  8:00  Probe x2  
  87  8:02  Immortal (Chrono Boost)  
  94  8:08  Stalker x2  
  94  8:09  Probe  
  94  8:12  Charge, Probe x2  
  101  8:22  Pylon  
  101  8:27  Assimilator  
  101  8:32  Forge, Assimilator  
  101  8:35  Pylon  
  101  8:38  Probe  
  101  8:40  Probe, Disruptor (Chrono Boost)  
  106  8:41  Zealot, Pylon  
  106  8:44  Probe  
  109  8:51  Probe  
  109  8:53  Zealot, Probe  
  111  9:05  Zealot  
  111  9:11  Stalker x3  
  111  9:13  Probe  
  111  9:14  Probe x2, Disruptor (Chrono Boost)  
  123  9:17  Photon Cannon  
  123  9:26  Pylon  
  123  9:28  Pylon  
  123  9:30  Pylon  
  123  9:45  Probe  
  124  9:46  Stalker, Disruptor (Chrono Boost)  
  124  9:47  Pylon, Stalker x2  
  133  9:58  Stalker x3  
  133  9:59  Probe  
  140  10:14  Nexus  
  140  10:17  Zealot, Pylon  
  140  10:18  Zealot  
  144  10:26  Disruptor (Chrono Boost)  
  147  10:32  Pylon  
  147  10:35  Pylon, Disruptor (Chrono Boost)  
  150  10:43  Stalker x3  
  156  10:56  Probe  
  155  11:04  Zealot x3  
  155  11:11  Disruptor (Chrono Boost)  
  162  11:13  Zealot x3  
  162  11:18  Photon Cannon  
  168  11:19  Photon Cannon  
  168  11:22  Photon Cannon  
  166  11:27  Stargate  
  166  11:29  Stargate  
  166  11:31  Gateway  
  163  11:32  Gateway  
  163  11:33  Zealot  
  163  11:34  Zealot x5  
  163  11:38  Gateway  
  168  11:57  Disruptor (Chrono Boost)  
  169  12:15  Nexus  
  169  12:17  Pylon  
  169  12:18  Fleet Beacon  
  169  12:20  Pylon  
  169  12:21  Pylon  
  167  12:24  Pylon  
  167  12:28  Pylon  
  163  12:30  Pylon x2  
  163  12:33  Probe  
  163  12:35  Probe x2  
  158  12:37  Oracle  
  150  12:44  Probe  
  150  12:47  Probe x2  
  153  12:55  Probe  
  129  13:06  Disruptor x2 (Chrono Boost)  
  129  13:24  Zealot x3  
  129  13:25  Zealot  
  122  13:37  Disruptor x2 (Chrono Boost)  
  128  13:51  Nexus  
  128  13:52  Pylon  
  128  14:05  Zealot  
  128  14:06  Zealot x3  
  128  14:07  Zealot x3  
  140  14:14  Zealot  
  115  14:37  Stalker x2  
  115  14:38  Stalker x7  
  126  14:40  Observer x2 (Chrono Boost)  
  132  14:46  Photon Cannon  
  132  14:50  Photon Cannon  
  132  15:20  Stalker  
  132  15:21  Stalker x2  
  126  15:45  Nexus  
  120  16:00  Zealot  
  120  16:01  Zealot x8  
  138  16:15  Pylon  
  119  16:48  Zealot x3  
  119  16:49  Zealot x5  
  134  16:57  Nexus  
Tags
 
Add a new tag
Caveats
  • Supply blocks, unpowered buildings, or Contaminate may cause inaccurate times.
  • Supply counts are checked every 10 seconds.